 Dungeon Sprint DCSS version 0.30-a0-269-gf0224bf7b6 (webtiles) character file.

Game seed: 9574992795581385238

205 Hubris850 the Martial Artist (level 9, -5/78 HPs)
             Began as a Tengu Fire Elementalist on Oct 14, 2022.
             Slain by the 27-headed Lernaean hydra (10 damage)
             ... in the Dungeon (Sprint VI: "Thunderdome").
             The game lasted 00:10:57 (542 turns).

Hubris850 the Martial Artist (TeFE)                  Turns: 542, Time: 00:10:58

Health: -5/78      AC:  3    Str: 12    XL:     9   Next: 31%
Magic:  21/23      EV: 16    Int: 23    God:
Gold:   256        SH:  0    Dex: 15    Spells: 16/26 levels left

rFire   x . .      SeeInvis .      - Unarmed
rCold   . . .      Faith    .    (no shield)
rNeg    . . .      Spirit   .    l - +1 robe of the Boiling Point {rF- Str+2 Int+5 Archmagi}
rPois   .          Reflect  .    (helmet restricted)
rElec   .          Harm     .    (no cloak)
rCorr   .          Rampage  .    (no gloves)
Will    .....      Archmagi +    (boots unavailable)
Stlth   .......... NoTele   +    k - amulet "Nantung" {Acrobat Slay+2}
HPRegen 0.33/turn                (no ring)
MPRegen 0.18/turn                (no ring)

@: berserking, flying quickly and evasively, hasted, very quick
A: beak, talons 3, nimble flight
a: no special abilities


You were in the Dungeon.
You visited 1 branch You collected 500 gold pieces.
You spent 244 gold pieces at shops.

Inventory:

Missiles
 c - a curare-tipped dart
Armour
 a - a +0 robe
 l - the +1 robe of the Boiling Point (worn) {rF- Str+2 Int+5 Archmagi}
   (You bought it in a shop in the Dungeon)

   Str:       It affects your strength (+2).
   Int:       It affects your intelligence (+5).
   rF:        It makes you vulnerable to fire.
   Archmagi:  It increases the power of your magical spells.
Jewellery
 k - the amulet "Nantung" (around neck) {Acrobat Slay+2}
   (You bought it in a shop in the Dungeon)

   [amulet of the acrobat]

   It increases your evasion while moving and waiting.
   Slay:      It affects your accuracy & damage with ranged weapons and melee
   (+2).
Wands
 h - a wand of iceblast (1)
 i - a wand of light (2)
Scrolls
 g - 2 scrolls of blinking
 j - 3 scrolls of butterflies
Potions
 b - 2 potions of magic
 d - 3 potions of heal wounds
 e - 3 potions of haste


   Skills:
 - Level 4.0 Fighting
 - Level 4.0 Dodging
 - Level 2.7 Stealth
 + Level 14.1 Unarmed Combat
 - Level 9.2 Spellcasting
 - Level 11.9 Conjurations
 - Level 8.0 Fire Magic
 - Level 3.0 Evocations


You had 16 spell levels left.
You knew the following spells:

 Your Spells              Type           Power      Damage    Failure   Level
a - Foxfire               Conj/Fire      100%       2x1d9     1%          1
b - Scorch                Fire           100%       2d10      1%          2
c - Flame Wave            Conj/Fire      71%        2d16      1%          4
d - Kindle Blastsparks    Fire/Tloc/Air  68%        2d15      6%          3

Your spell library contained the following spells:

 Spells                   Type           Power      Damage    Failure   Level
 Inner Flame              Hex/Fire       43%        N/A       3%          3


Dungeon Overview and Level Annotations

Branches:
Dungeon (1/1)

Altars:
Cheibriados
Dithmenos
Fedhas
Gozag
Kikubaaqudgha
Makhleb
Okawaru
Qazlal
Ru
Sif Muna
Trog
Uskayaw
Vehumet
Wu Jian
Xom
Yredelemnul
Zin
The Shining One
Lugonu

Shops:
D *[??*?*:[((!!!!

Annotations:
D Lernaean hydra


Innate Abilities, Weirdness & Mutations

You have a beak for a mouth.
You have claws for feet.
Your magical nature lets you fly swiftly and evasively.


Message History

As you read the scroll of blinking, it crumbles to dust.
Casting: Scorch (safe; 1% risk of failure)
Confirm with . or Enter, or press ? or * to list all spells.
You feel a surge of power!
You conjure some foxfire!
Casting: Foxfire (safe; 1% risk of failure)
Confirm with . or Enter, or press ? or * to list all spells.
You feel a surge of power!
You conjure some foxfire!
The foxfire hits the 27-headed Lernaean hydra.
The 27-headed Lernaean hydra is burned terribly!
The 27-headed Lernaean hydra is moderately wounded.
The foxfire hits the 27-headed Lernaean hydra!
The 27-headed Lernaean hydra is burned terribly!
The 27-headed Lernaean hydra is moderately wounded.
Aiming: Bolt of Light
Press: ? - help, Shift-Dir - straight line, f - 27-headed Lernaean hydra
Aim: the 27-headed Lernaean hydra (moderately wounded, more vulnerable to fire, ally target, 91% to hit)
The bolt of light hits the 27-headed Lernaean hydra!
The 27-headed Lernaean hydra is moderately wounded.
The 27-headed Lernaean hydra is blinded.
The foxfire hits the 27-headed Lernaean hydra.
The 27-headed Lernaean hydra is burned terribly!
The 27-headed Lernaean hydra is moderately wounded.
The foxfire hits the 27-headed Lernaean hydra.
The 27-headed Lernaean hydra is moderately wounded.
The 27-headed Lernaean hydra roars deafeningly!
The 27-headed Lernaean hydra is no longer blind.
The 27-headed Lernaean hydra is no longer more vulnerable to fire.
You feel yourself speed up.
A red film seems to cover your vision as you go berserk!
You feel yourself moving faster!
You feel mighty!
The 27-headed Lernaean hydra bites you! x2
The 27-headed Lernaean hydra closely misses you.
The 27-headed Lernaean hydra bites you! x2
* * * LOW HITPOINT WARNING * * *
The 27-headed Lernaean hydra bites you!
* * * LOW HITPOINT WARNING * * *
The 27-headed Lernaean hydra bites you.
* * * LOW HITPOINT WARNING * * *
The 27-headed Lernaean hydra bites you!
You die...

#_........# #_.÷....._#
###.........###
#⌠...........⌠#
######.8.........8.###
##.__....)..###......._
###∩........8.# #.8......
##........D(...###........
#⌠.......@(.###...###...).
#⌠.........)# #.<.# #...).
#⌠.........)###..)###.....
##.............###..).....
###∩........8.# #.8.)....
##∩___......###......._
######.8.........8.###
#⌠...........⌠#
###.........###


You could see the 27-headed Lernaean hydra.

Vanquished Creatures
  A two-headed ogre (D)
  Sonja (D)
  Grinder (D)
  A water moccasin (D)
  5 ogres (D)
  3 kobold brigands (D)
  A crimson imp (D)
  A quasit (D)
  An iron imp (D)
  A shadow imp (D)
  4 ball pythons (D)
  2 kobolds (D)
22 creatures vanquished.

Vanquished Creatures (others)
  67 foxfires (D)
67 creatures vanquished.

Grand Total: 89 creatures vanquished

Notes
Turn   | Place    | Note
-------+----------+-------------------------------------------
     0 | D        | Hubris850 the Tengu Fire Elementalist began the quest for
                  | the Orb.
     0 | D        | Reached XP level 1. HP: 10/10 MP: 4/4
     1 | D        | Found an ancient bone altar of Kikubaaqudgha.
     1 | D        | Found a radiant altar of Vehumet.
     2 | D        | Found an ornate altar of the Wu Jian Council.
     2 | D        | Found a shimmering altar of Xom.
     3 | D        | Found a blossoming altar of Fedhas.
     3 | D        | Found a shadowy altar of Dithmenos.
     4 | D        | Found Naps's Identification Station.
     4 | D        | Found an iron altar of Okawaru.
     5 | D        | Found Veheud's Advanced Armour.
     5 | D        | Found Uvedgh Oluari's Jewellery.
     5 | D        | Round 1.
     7 | D        | Noticed a crimson imp
     8 | D        | Noticed Grinder
    11 | D        | Paralysed by Grinder for 2 turns
    13 | D        | Found a hide-covered altar of Uskayaw.
    13 | D        | Found a bloodstained altar of Trog.
    13 | D        | Found a shimmering blue altar of Sif Muna.
    13 | D        | Found a stormy altar of Qazlal.
    13 | D        | Found Rihoyrot's Premium Goods.
    13 | D        | Found Enivul's Weapon Rack.
    13 | D        | Found Birchuico's Miscellaneous Merchandise.
    13 | D        | Found Qegraoj's Basic Armour.
    14 | D        | Killed a crimson imp
    15 | D        | Reached XP level 2. HP: 15/15 MP: 0/7
    15 | D        | Reached XP level 3. HP: 19/19 MP: 0/8
    16 | D        | Paralysed by Grinder for 3 turns
    30 | D        | Killed Grinder
    31 | D        | Reached XP level 4. HP: 28/28 MP: 4/13
    31 | D        | Gained mutation: Your magical nature lets you fly swiftly
                  | and evasively. [Tengu growth]
    31 | D        | Reached XP level 5. HP: 32/32 MP: 4/14
    31 | D        | Reached XP level 6. HP: 37/37 MP: 4/16
    34 | D        | Learned a level 2 spell: Scorch
    39 | D        | Learned a level 4 spell: Flame Wave
    43 | D        | Learned a level 3 spell: Kindle Blastsparks
    59 | D        | Bought a tattered robe for 199 gold pieces
    59 | D        | Identified the +1 robe of the Boiling Point {rF- Str+2
                  | Int+5 Archmagi} (You bought it in a shop in the Dungeon)
    95 | D        | Found a glowing golden altar of the Shining One.
   103 | D        | Found a snail-covered altar of Cheibriados.
   140 | D        | Found a sacrificial altar of Ru.
   141 | D        | Found a glowing silver altar of Zin.
   144 | D        | Found Ceduenk's Do-It-Yourself Clinic.
   144 | D        | Arena points: 6 (+6) [x1]
   146 | D        | Found Uteaper's Bottled Wisdom.
   146 | D        | Found Boylurphig's Distillery.
   160 | D        | Round 2.
   168 | D        | Found a corrupted altar of Lugonu.
   169 | D        | Found Fenuatz's Magic Scroll Shop.
   169 | D        | Noticed a water moccasin
   170 | D        | Found an opulent altar of Gozag.
   170 | D        | Found a burning altar of Makhleb.
   170 | D        | Found Ulloap's Staff Store.
   170 | D        | Found Naeqah's Magic Scroll Shop.
   170 | D        | Found Muuf's Must-Have Magic.
   176 | D        | Killed a water moccasin
   176 | D        | Arena points: 30 (+24) [x2]
   201 | D        | Bought a slimy lead amulet for 45 gold pieces
   201 | D        | Identified the amulet "Nantung" {Acrobat Slay+2} (You
                  | bought it in a shop in the Dungeon)
   233 | D        | Round 3.
   244 | D        | Found a basalt altar of Yredelemnul.
   244 | D        | Found Vomeebre's Distillery.
   250 | D        | Reached skill level 10 in Conjurations
   250 | D        | Reached XP level 7. HP: 41/41 MP: 11/19
   313 | D        | Reached skill level 3 in Unarmed Combat
   353 | D        | Noticed a two-headed ogre
   368 | D        | Reached skill level 5 in Unarmed Combat
   370 | D        | Killed a two-headed ogre
   370 | D        | Arena points: 93 (+63) [x3]
   371 | D        | Reached skill level 10 in Unarmed Combat
   371 | D        | Reached XP level 8. HP: 42/48 MP: 6/22
   436 | D        | Round 4.
   454 | D        | Noticed Sonja
   461 | D        | Killed Sonja
   462 | D        | Reached skill level 13 in Unarmed Combat
   462 | D        | Reached XP level 9. HP: 52/52 MP: 17/23
   490 | D        | Arena points: 205 (+112) [x4]
   491 | D        | Reached skill level 14 in Unarmed Combat
   522 | D        | Round 5.
   527 | D        | Noticed the 27-headed Lernaean hydra
   542 | D        | Slain by the 27-headed Lernaean hydra

Illustrated notes

Levels and vault maps discovered:
D:        arena_sprint

Skill      XL: |  1  2  3  4  5  6  7  8  9 |
---------------+----------------------------+-----
Dodging        | 3 4 |  4.0
Spellcasting   | 3 6 8 9 |  9.2
Conjurations   | 2 6 10 11 | 11.9
Fire Magic     | 6 7 8 |  8.0
Fighting       | 3 4 |  4.0
Evocations     | 3 |  3.0
Unarmed Combat | 10 13 14 | 14.1
Stealth        | |  2.7

Action                   |  1- 3 |  4- 6 |  7- 9 || total
-------------------------+-------+-------+-------++-------
Melee: Unarmed           |       |       |    11 ||    11
       Kick              |       |       |     4 ||     4
       Peck              |       |       |     1 ||     1
 Cast: Foxfire           |    10 |    12 |    17 ||    39
       Scorch            |       |     3 |     6 ||     9
       Flame Wave        |       |     1 |     2 ||     3
Evoke: Wand              |     2 |     2 |     3 ||     7
  Use: Scroll            |     1 |       |     1 ||     2
       Potion            |     1 |     1 |     4 ||     6
Armor: Robe              |       |     2 |     1 ||     3
Dodge: Dodged            |       |    13 |    19 ||    32

Table legend: (Time is in decaauts)
 A = Elapsed time spent in this place.
 B = Non-inter-level travel time spent in this place.
 C = Inter-level travel time spent in this place.
 D = Time resting spent in this place.
 E = Time spent auto-exploring this place.
 F = Levels seen in this place.
 G = Mean time per level.
                   A        B        C        D        E       F      G
               +--------+--------+--------+--------+--------+-----+--------+
         Total |    528 |    528 |      0 |    199 |      0 |   1 |  528.0 |
       Dungeon |    528 |    528 |      0 |    199 |      0 |   1 |  528.0 |
               +--------+--------+--------+--------+--------+-----+--------+

Top non-repeatable levels by time:
       D: 528 daAuts
